 Dungeon Crawl Stone Soup version 0.24.1 (webtiles) character file.

Game seed: 16116341527773008755, levelgen mode: deterministic

183 Destapler the Skirmisher (level 5, 0/46 HPs)
             Began as a Draconian Hunter on Mar 27, 2020.
             Slain by a bullfrog (8 damage)
             ... on level 6 of the Dungeon.
             The game lasted 00:06:14 (3142 turns).

Destapler the Skirmisher (Draconian Hunter)         Turns: 3142, Time: 00:06:15

Health: 0/46       AC:  5    Str: 17    XL:     5   Next: 35%
Magic:  5/5        EV: 12    Int: 11    God:
Gold:   166        SH:  0    Dex: 12    Spells: 4/4 levels left

rFire    . . .     SeeInvis .   a - +0 short sword
rCold    . . .     Gourm    .   (no shield)
rNeg     . . .     Faith    .   (armour unavailable)
rPois    .         Spirit   .   (helmet restricted)
rElec    .         Reflect  .   (no cloak)
rCorr    .         Harm     .   (no gloves)
MR       .....                  (no boots)
Stlth    ++........             j - amulet of magic regeneration
HPRegen  0.15/turn              n - ring of flight
MPRegen  0.34/turn              p - +2 ring of strength

@: no status effects
A: unfitting armour, cold-blooded, AC +5
a: Evoke Flight


You were on level 6 of the Dungeon.
You were not hungry.

You visited 1 branch of the dungeon, and saw 4 of its levels.

You collected 166 gold pieces.

Inventory:

Hand Weapons
 a - a +0 short sword (weapon)
Missiles
 b - 6 javelins (quivered)
 c - 2 throwing nets
 e - 41 stones
 f - 12 poisoned darts
 o - 8 datura-tipped darts
Jewellery
 j - an amulet of magic regeneration (around neck)
 n - a ring of flight (left hand)
 p - a +2 ring of strength (right hand)
Scrolls
 g - 6 scrolls of identify {unknown}
 i - 2 scrolls of remove curse {unknown}
 k - 2 scrolls of enchant weapon {unknown}
Potions
 h - 2 potions of mutation {unknown}
 l - a potion of heal wounds {unknown}
Comestibles
 d - 4 rations


   Skills:
 + Level 3.9 Fighting
 + Level 2.8 Short Blades
 - Level 3.6 Throwing
 - Level 1.7 Dodging
 + Level 3.0 Stealth


You had 4 spell levels left.
You didn't know any spells.
Your spell library was empty.

Dungeon Overview and Level Annotations

Branches:
Dungeon (3/15)

Altars:
Cheibriados


Innate Abilities, Weirdness & Mutations

Your plain brown scales are hard. (AC +5)
You cannot fit into any form of body armour.
You are cold-blooded and may be slowed by cold attacks.


Message History

The bullfrog is heavily wounded.
The bullfrog hits you. The bullfrog barely misses you.
You hit the bullfrog but do no damage.
The bullfrog is heavily wounded.
The bullfrog hits you.
You closely miss the bullfrog.
The bullfrog is heavily wounded.
The bullfrog hits you.
* * * LOW HITPOINT WARNING * * *
You closely miss the bullfrog.
Your tail-slap misses the bullfrog.
The bullfrog is heavily wounded.
The bullfrog hits you but does no damage.
The bullfrog hits you.
* * * LOW HITPOINT WARNING * * *
You hit the bullfrog but do no damage.
The bullfrog is heavily wounded.
The bullfrog hits you but does no damage.
The bullfrog hits you but does no damage.
The bullfrog hits you!
You die...

###..# # ##....#
##.####.....#
#...........##
#...........# .
##..........## #..
#.#.....##...##...#
#.#....#...........#
#.........F@.......
####.....####......
#...#### ?.....
#...# ..#.. #..## .#
# #... #F.. ....
.....


You could see a bullfrog.

Vanquished Creatures
  A crimson imp (D:3)
  A hound (D:6)
  5 adders
  A worker ant zombie (D:2)
  An ooze (D:2)
  2 worms
  2 dart slugs
  3 leopard geckos
  An orc (D:3)
  A ball python (D:1)
  3 giant cockroaches
  7 goblins
  A hobgoblin (D:1)
  8 bats
  A frilled lizard (D:1)
  6 kobolds
  9 rats
53 creatures vanquished.

Notes
Turn   | Place    | Note
-------+----------+-------------------------------------------
     0 | D:1      | Destapler the Draconian Hunter began the quest for the Orb.
     0 | D:1      | Reached XP level 1. HP: 17/17 MP: 1/1
    58 | D:1      | Reached skill level 1 in Stealth
   177 | D:1      | Reached XP level 2. HP: 25/25 MP: 2/2
   242 | D:1      | Reached skill level 1 in Short Blades
   938 | D:2      | Reached XP level 3. HP: 21/30 MP: 3/3
  1698 | D:2      | Reached XP level 4. HP: 38/38 MP: 4/4
  1821 | D:2      | Found a snail-covered altar of Cheibriados.
  2387 | D:3      | Reached XP level 5. HP: 40/46 MP: 5/5
  2812 | D:3      | You fall into a shaft and drop 3 floors!
  3142 | D:6      | Slain by a bullfrog

Levels and vault maps discovered:
D:1:      mrwooster_arrival_statue_3, layout_basic
D:2:      layout_loops_corners, cheibriados_altar_1
D:3:      lemuel_upstairs_altar, layout_rooms, first_ration,
          kennysheep_generic_room_4
D:6:      layout_layer_cave, minmay_temple_entry_statues_fountains

Skill      XL: |  1  2  3  4  5 |
---------------+----------------+-----
Stealth        | 1 2 3 |  3.0
Short Blades   | 1 2 |  2.8
Fighting       | 3 |  3.9
Throwing       | |  3.6
Dodging        | |  1.7

Action                   |  1- 3 |  4- 6 || total
-------------------------+-------+-------++-------
Melee: Short sword       |   147 |   130 ||   277
       Tailslap          |    13 |    17 ||    30
 Stab: Sleeping          |     4 |     3 ||     7
  Eat: Chunk             |     2 |     5 ||     7
Armor: Skin              |    52 |    36 ||    88
Dodge: Dodged            |   111 |    64 ||   175
